Selects Panzerjäger Kommand Battlegroup
Construct Light Support Kompanie
Selects Blockade Equipment
Selects Crew Shock Tactics
Construct Panzerarmee Kommand
Walking Stuka Rocket Launcher
Walking Stuka Rocket Launcher
Panzerjäger Mechanized Group
Flak 36 Anti-tank Gun Team
Selects Elefant Tank Destroyer
Selects Butterfly Bomb Drop
Construct Mechanized Kompanie
Construct Mechanized Kompanie
18-tonne Recovery Half-track
Flak 36 Anti-tank Gun Team
254 Reconnaissance Tractor